Kradschützen Motorcycle Team
Selects Armored Support Battlegroup
Kradschützen Motorcycle Team
Construct Light Support Kompanie
Selects Superior Fire Drills
Selects Flammpanzer III Medium Tank
Flammpanzer III Medium Tank
Selects Command Panzer IV F Medium Tank
Flammpanzer III Medium Tank
Selects Command Panzer IV F Medium Tank
Pak 38 Anti-tank Gun Team
Command Panzer IV F Medium Tank
Panzerjäger Mechanized Group
Selects Stuka Anti-tank Loiter
Flammpanzer III Medium Tank
le.IG 18 Support Gun Team
Flammpanzer III Medium Tank